 Dungeon Crawl Stone Soup version 0.22-a0-480-g991dd4b (webtiles) character file.

114 Gorice the Slasher (level 4, 0/55 HPs)
             Began as a Demonspawn Wanderer on June 16, 2018.
             Succumbed to Findor's ghost's poison
             ... on level 3 of the Dungeon.
             The game lasted 00:09:44 (2127 turns).

Gorice the Slasher (Demonspawn Wanderer)            Turns: 2127, Time: 00:09:44

Health: 0/55       AC: 22    Str: 13    XL:     4   Next: 67%
Magic:  4/4        EV:  2    Int: 14    God:
Gold:   159        SH:  0    Dex: 12    Spells: 3/3 levels left

rFire    . . .     SeeInvis .   a - +2 falchion
rCold    . . .     Gourm    .   (no shield)
rNeg     + + +     Faith    .   (armour currently unavailable)
rPois    +         Spirit   .   (helmet currently unavailable)
rElec    .         Reflect  .   (cloak currently unavailable)
rCorr    .         Harm     .   (gloves currently unavailable)
MR       .....     NoTele   +   (boots currently unavailable)
Stlth    +.........             (no amulet)
HPRegen  0.18/turn              (no ring)
MPRegen  0.09/turn              (no ring)

@: lethally poisoned (0 -> -23), tree-form, hasted, very quick
A: powered by pain 1
a: no special abilities


You were on level 3 of the Dungeon.
You were not hungry.
You were a tree.
You visited 1 branch of the dungeon, and saw 3 of its levels.

You collected 159 gold pieces.

Inventory:

Hand Weapons
 a - a +2 falchion (weapon)
 b - a +0 hand crossbow
Missiles
 c - 36 bolts
 j - 5 tomahawks (quivered)
 k - 7 javelins
 Y - 61 stones
Armour
 e - a +0 robe
 l - a +0 chain mail (melded)
Scrolls
 d - a scroll of teleportation {!r}
 n - 2 scrolls of fear {!r}
 o - 2 scrolls of amnesia {unknown}
 p - a scroll of remove curse {unknown}
 q - a scroll of blinking {unknown}
 r - 2 scrolls of identify
Potions
 h - 2 potions of agility {!q}
 i - a potion of haste {!q}
 m - a potion of lignification {!q}
Comestibles
 f - 5 rations
 g - 2 chunks of flesh


   Skills:
 - Level 4.0 Fighting
 * Level 4.3 Long Blades
   Level 1.7 Maces & Flails
 - Level 1.0 Throwing
 + Level 1.1 Armour
   Level 1.0 Evocations


You had 3 spell levels left.
You didn't know any spells.
Your spell library was empty.

Dungeon Overview and Level Annotations

Branches:
Dungeon (3/15)

Altars:

Annotations:
D:3 Findor's ghost, amateur GnWn


Innate Abilities, Weirdness & Mutations

((You have sharp toenails.))
You sometimes gain a little power by taking damage.


Message History

You are more poisoned.
You barely miss Findor's ghost.
Findor's ghost is heavily damaged.
* * * LOW HITPOINT WARNING * * *
You feel very sick.
Findor's ghost hits you but does no damage.
Damage: 7 (max 7) Unknown command.
You slash Findor's ghost!
Findor's ghost is severely damaged.
* * * LOW HITPOINT WARNING * * *
You feel very sick.
Findor's ghost hits you but does no damage.
Damage: 3 (max 7) Unknown command.
You closely miss Findor's ghost.
Findor's ghost is severely damaged.
* * * LOW HITPOINT WARNING * * *
You feel very sick.
Findor's ghost hits you but does no damage.
Damage: 3 (max 7) Unknown command.
You hit Findor's ghost but do no damage.
Findor's ghost is severely damaged.
* * * LOW HITPOINT WARNING * * *
You feel very sick.
Findor's ghost screams, "Zot is a myth, the ORB is a fable, you'll soon be a tale!"
Findor's ghost hits you but does no damage.
Damage: 3 (max 7)
You hit Findor's ghost.
Findor's ghost is severely damaged.
* * * LOW HITPOINT WARNING * * *
You feel sick.
Findor's ghost hits you but does no damage.
Damage: 1 (max 7) Unknown command.
Okay, then.
Unknown command.
Really read
d - a scroll of teleportation {!r}?
You cannot teleport because you are held in place by your roots.
Really quaff
i - 2 potions of haste {!q}?
You feel yourself speed up.
* * * LOW HITPOINT WARNING * * *
You feel very sick.
Findor's ghost hits you but does no damage.
Damage: 3 (max 7) Unknown command.
You hit Findor's ghost but do no damage.
Findor's ghost is severely damaged.
You die...

#######.# #.#
#.# #.#
#.##.####.######
#.##.....(......
#.# #.(# #.#
#.(# #.# ##.#
#.# #W# #.#
####♣# #.#
#....# #.#
#.####
######.####.#
#...........#
#############


You could see Findor's ghost.

Vanquished Creatures
  A gnoll (D:1)
  An adder (D:2)
  2 oozes
  2 worms (D:2)
  A dart slug (D:1)
  6 leopard geckos
  5 orcs
  3 bats (D:2)
  3 giant cockroaches
  6 goblins
  8 hobgoblins
  4 jackals (D:1)
  12 kobolds
  A quokka (D:2)
  3 frilled lizards
  6 rats
64 creatures vanquished.

Notes
Turn   | Place    | Note
-------+----------+-------------------------------------------
     0 | D:1      | Gorice the Demonspawn Wanderer began the quest for the Orb.
     0 | D:1      | Gorice set off with: a +2 falchion, a +0 hand crossbow, 27 bolts, a scroll of teleportation {!r}, a +0 robe, a ration
     0 | D:1      | Reached XP level 1. HP: 19/19 MP: 1/1
    17 | D:1      | Reached skill level 2 in Long Blades
    56 | D:1      | Gained mutation: You have sharp toenails. [demonic ancestry]
    56 | D:1      | Reached XP level 2. HP: 24/25 MP: 2/2
    59 | D:1      | Reached skill level 3 in Long Blades
   258 | D:1      | Gained mutation: You sometimes gain a little power by taking damage. [demonic ancestry]
   258 | D:1      | Reached XP level 3. HP: 12/30 MP: 3/3
  1393 | D:2      | Reached XP level 4. HP: 36/37 MP: 4/4
  1517 | D:2      | Reached skill level 4 in Long Blades
  1912 | D:3      | Reached skill level 1 in Armour
  2092 | D:3      | Noticed Findor's ghost (amateur GnWn)
  2121 | D:3      | HP: 14/55 [poisoned by Findor's ghost]
  2124 | D:3      | HP: 5/55 [poisoned by Findor's ghost]
  2126 | D:3      | HP: 1/55 [poisoned by Findor's ghost]
  2127 | D:3      | Succumbed to Findor's ghost's poison

Vault maps used:
D:1:      kennysheep_arrival_forest
D:3:      first_ration

Skill      XL: |  1  2  3  4 |
---------------+-------------+-----
Long Blades    | 2 3 4 |  4.3
Armour         | 1 |  1.1
Fighting       | |  4.0
Maces & Flails | |  1.7
Throwing       | |  1.0
Evocations     | |  1.0

Action                   |  1- 3 |  4- 6 || total
-------------------------+-------+-------++-------
Melee: Falchion          |    62 |    45 ||   107
       Kick              |    11 |     6 ||    17
 Fire: Hand crossbow     |    37 |    41 ||    78
  Use: Scroll            |     3 |     2 ||     5
       Potion            |       |     2 ||     2
  Eat: Chunk             |     2 |     2 ||     4
Armor: Robe              |     7 |       ||     7
       Chain mail        |     9 |    12 ||    21
       Skin              |       |    21 ||    21
Dodge: Dodged            |    46 |    10 ||    56
       Rpst.: Falchion   |    16 |     2 ||    18

Table legend:
 A = Spawn XP
 B = Non-spawn XP
 C = Spawn XP percentage of total XP
 D = Spawn monster count
 E = Non-spawn monster count
 F = Spawn count percentage of total count
 G = Total turns spent on level
                    A         B        C        D         E        F      G
               +---------+---------+-------+---------+---------+-------+---------
         Total |       0 |     164 |   0.0 |       0 |      64 |   0.0 |  2127
               +---------+---------+-------+---------+---------+-------+---------
           D:1 |       0 |      65 |   0.0 |       0 |      25 |   0.0 |  1256
           D:2 |       0 |      74 |   0.0 |       0 |      29 |   0.0 |   618
           D:3 |       0 |      25 |   0.0 |       0 |      10 |   0.0 |   253
               +---------+---------+-------+---------+---------+-------+---------

Table legend:
 A = Turns spent in this place as a percentage of turns spent in the entire game.
 B = Non-inter-level travel turns spent in this place as a percentage of non-inter-level travel turns spent in the entire game.
 C = Inter-level travel turns spent in this place as a percentage of turns spent in this place.
 D = Turns resting spent in this place as a percentage of non-inter-level travel turns spent in this place.
 E = Turns spent auto-exploring this place as a percentage of non-inter-level travel turns spent in this place.
 F = Non-inter-level travel turns spent in this place divided by the number of levels of this place that you've seen.
                   A       B       C       D       E      F
               +-------+-------+-------+-------+-------+----------------------
         Total | 100.0 | 100.0 |   0.7 |  14.7 |  45.1 | 704.3
       Dungeon | 100.0 | 100.0 |   0.7 |  14.7 |  45.1 | 704.3
               +-------+-------+-------+-------+-------+----------------------

Vault maps used:
D:1:      kennysheep_arrival_forest
D:3:      first_ration
